 Dungeon Crawl Stone Soup version 0.30-a0-634-g8abc85282e (webtiles) character file.

Game seed: 117453928309813577

62 pokeman the Magician (level 3, -2/20 HPs)
             Began as a Deep Elf Hedge Wizard on Jan 14, 2023.
             Slain by Robin
             ... wielding a +0 spear
              (5 damage)
             ... on level 2 of the Dungeon.
             The game lasted 00:03:09 (2149 turns).

pokeman the Magician (Deep Elf Hedge Wizard)        Turns: 2149, Time: 00:03:10

Health: -2/20      AC:  2    Str:  7    XL:     3   Next: 85%
Magic:  3/11       EV: 12    Int: 20    God:
Gold:   62         SH:  0    Dex: 14    Spells: 1/12 levels left

rFire   + . .      SeeInvis .    j - +0 battleaxe
rCold   . . .      Faith    .    (shield currently unavailable)
rNeg    . . .      Spirit   .    b - +0 robe
rPois   .          Reflect  .    c - +0 hat
rElec   .          Harm     .    (no cloak)
rCorr   .          Rampage  .    (no gloves)
Will    .....                    (no boots)
Stlth   +                        (no amulet)
HPRegen 0.23/turn                i - ring of protection from fire
MPRegen 0.12/turn                (no ring)

@: confused
A: no striking features
a: no special abilities


You were on level 2 of the Dungeon.
You visited 1 branch of the dungeon, and saw 2 of its levels.

You collected 62 gold pieces.

Inventory:

Hand Weapons
 j - a +0 battleaxe (weapon)
Armour
 b - a +0 robe (worn)
 c - a +0 hat (worn)
 l - the +3 ring mail "Elaethra" {Str+4}
   (You found it on level 2 of the Dungeon)

   Str:       It affects your strength (+4).
Jewellery
 i - a ring of protection from fire (left hand)
Scrolls
 g - a scroll of identify {unknown}
 h - a scroll of immolation {unknown}
 n - a scroll of amnesia {unknown}
 o - a scroll of poison {unknown}
Potions
 a - a potion of berserk rage {unknown}
 d - 2 potions of magic
 e - a potion of heal wounds
 f - a potion of brilliance {unknown}
 k - a potion of attraction {unknown}
 m - 2 potions of degeneration {unknown}


   Skills:
 - Level 1.0 Fighting
 - Level 1.0 Armour
 + Level 2.6 Dodging
 + Level 2.5 Stealth
 * Level 5.4 Spellcasting
 + Level 2.0 Conjurations
 - Level 1.1 Summonings
 - Level 1.1 Translocations


You had one spell level left.
You knew the following spells:

 Your Spells              Type           Power      Damage    Failure   Level
a - Magic Dart            Conj           52%        1d5       4%          1
b - Mephitic Cloud        Conj/Pois/Air  8%         N/A       26%         3
c - Call Imp              Summ           9%         N/A       11%         2
d - Blink                 Tloc           18%        N/A       11%         2
e - Stone Arrow           Conj/Erth      18%        3d8       22%         3

Your spell library contained the following spells:

 Spells                   Type           Power      Damage    Failure   Level
 Slow                     Hex            20%        N/A       11%         1
 Cigotuvi's Dreadful Rot  Necr/Pois/Air  10%        N/A       17%         2
 Ensorcelled Hibernation  Hex/Ice        10%        N/A       17%         2
 Spider Form              Tmut/Pois      5%         N/A       32%         3
 Animate Armour           Summ/Erth      14%        N/A       65%         4
 Anguish                  Hex/Necr       2%         N/A       73%         4
 Lehudib's Crystal Spear  Conj/Erth      4%         10d3      100%        8


Dungeon Overview and Level Annotations

Branches:
Dungeon (2/15)

Altars:

Annotations:
D:2 Robin


Message History

The ball explodes into a vile cloud!
The stinking cloud engulfs Robin but does no damage.
The stinking cloud engulfs the hobgoblin but does no damage.
Robin is engulfed in noxious fumes.
Robin closely misses you. The hobgoblin barely misses you.
Casting: Mephitic Cloud (extremely dangerous; 26% risk of failure)
Confirm with . or Enter, or press ? or * to list all spells.
The spell is extremely dangerous to miscast (26% risk of failure)!
Continue anyway?
Aiming: Mephitic Cloud (extremely dangerous; 26% risk of failure)
Press: ? - help, Shift-Dir - straight line, f - hobgoblin, p - Robin
Aim: a hobgoblin (strong, chance to affect: 96%) That beam is likely to hit you.
Continue anyway?
The ball explodes into a vile cloud!
The stinking cloud engulfs the hobgoblin but does no damage.
The stinking cloud engulfs you but does no damage.
The stinking cloud engulfs Robin but does no damage.
You are engulfed in noxious fumes.
You choke on the stench!
You are confused.
Robin is engulfed in noxious fumes.
Robin appears confused.
The hobgoblin is engulfed in noxious fumes.
The hobgoblin appears confused.
You are engulfed in noxious fumes.
You choke on the stench!
You are more confused.
Robin is engulfed in noxious fumes.
Robin appears confused.
Robin hits you with a +0 spear.
* * * LOW HITPOINT WARNING * * *
Robin barely misses themself.
The hobgoblin is engulfed in noxious fumes.
The hobgoblin appears confused.
You are engulfed in noxious fumes.
You choke on the stench!
You are more confused.
Unknown command.
Unknown command.
Unknown command.
Robin is engulfed in noxious fumes.
Robin appears confused.
Robin closely misses you.
The hobgoblin is engulfed in noxious fumes.
The hobgoblin appears confused.
Robin hits you with a +0 spear.
You die...

.# #....).......^..# #...## .#
#...............# #######... .#
#...............# #.........
.####...............####.#####...
.#..................'......#.#...
.#.######...........####.#...#...
.#.# ####...........# #.#.#.#...
.#.# #.......)......####.#.......
##.# #..........@...#............
...###.........).g..#.........#..
..............†.g................
.......................)......###
...........######......#####...#
...........'...##......# #...#
...........##.###....).# #...#
.......######.# #......# #...#
.......# #.# #.....)#####...##


You could see Robin (confused) and a hobgoblin (strong, confused).

Vanquished Creatures
  An adder (D:2)
  2 dart slugs (D:1)
  5 endoplasms
  A giant cockroach (D:1)
  14 goblins
  7 hobgoblins
  2 quokkas (D:1)
  A ball python (D:2)
  3 bats
  2 frilled lizards (D:1)
  A kobold (D:1)
  3 rats
42 creatures vanquished.

Notes
Turn   | Place    | Note
-------+----------+-------------------------------------------
     0 | D:1      | pokeman the Deep Elf Hedge Wizard began the quest for the
                  | Orb.
     0 | D:1      | Reached XP level 1. HP: 10/10 MP: 7/7
   254 | D:1      | Reached XP level 2. HP: 16/16 MP: 1/9
   697 | D:1      | Reached skill level 5 in Spellcasting
   964 | D:2      | Identified the +3 ring mail "Elaethra" {Str+4}
   979 | D:2      | Reached XP level 3. HP: 20/20 MP: 4/11
   985 | D:2      | Learned a level 3 spell: Mephitic Cloud
   988 | D:2      | Learned a level 2 spell: Call Imp
   991 | D:2      | Learned a level 2 spell: Blink
  1123 | D:2      | Reached skill level 1 in Armour
  1272 | D:2      | Learned a level 3 spell: Stone Arrow
  1458 | D:2      | Reached skill level 1 in Fighting
  1774 | D:2      | Noticed Robin
  2149 | D:2      | Slain by Robin

Illustrated notes

Levels and vault maps discovered:
D:1:      amcnicky_arrival_single_pillar, layout_basic
D:2:      layout_basic, minmay_diced_spiral, uniq_robin

Skill      XL: |  1  2  3 |
---------------+----------+-----
Spellcasting   | 5 |  5.4
Armour         | 1 |  1.0
Fighting       | 1 |  1.0
Conjurations   | 2 |  2.0
Dodging        | |  2.6
Stealth        | |  2.5
Summonings     | |  1.1
Translocations | |  1.1

Action                   || total
-------------------------++-------
Melee: Dagger            ||     9
       Battleaxe         ||    12
 Cast: Magic Dart        ||    92
       Mephitic Cloud    ||     4
       Call Imp          ||     1
 Stab: Confused          ||     1
Armor: Robe              ||    13
Dodge: Dodged            ||    31

Table legend: (Time is in decaauts)
 A = Elapsed time spent in this place.
 B = Non-inter-level travel time spent in this place.
 C = Inter-level travel time spent in this place.
 D = Time resting spent in this place.
 E = Time spent auto-exploring this place.
 F = Levels seen in this place.
 G = Mean time per level.
                   A        B        C        D        E       F      G
               +--------+--------+--------+--------+--------+-----+--------+
         Total |   2157 |   2077 |     80 |     12 |   1733 |   2 | 1078.5 |
       Dungeon |   2157 |   2077 |     80 |     12 |   1733 |   2 | 1078.5 |
               +--------+--------+--------+--------+--------+-----+--------+

Top non-repeatable levels by time:
     D:2: 1252 daAuts
     D:1: 905 daAuts
